 Dungeon Crawl Stone Soup version 0.30-a0-778-g2ef04afb54 (webtiles) character file.

Game seed: 3937794353893788090

89 Zonian the Sneak (level 4, -1/23 HPs)
             Began as a Vine Stalker Brigand on Feb 17, 2023.
             Slain by a gnoll
             ... wielding a +0 whip
              (3 damage)
             ... on level 3 of the Dungeon.
             The game lasted 00:05:07 (2230 turns).

Zonian the Sneak (Vine Stalker Brigand)             Turns: 2230, Time: 00:05:08

Health: -1/23      AC:  3    Str: 20    XL:     4   Next: 55%
Magic:  0/5        EV: 12    Int: 11    God:
Gold:   214        SH:  0    Dex: 17    Spells: 3/3 levels left

rFire   . . .      SeeInvis .    a - +2 dagger
rCold   . . .      Faith    .    (no shield)
rNeg    . . .      Spirit   +    b - +0 robe
rPois   .          Reflect  .    (no helmet)
rElec   .          Harm     .    c - +0 cloak
rCorr   .          Rampage  .    (no gloves)
Will    .....                    (no boots)
Stlth   +++                      (no amulet)
HPRegen 1.03/turn                p - +6 ring of strength
MPRegen 0.09/turn                (no ring)

@: no status effects
A: fangs 2, regeneration 1, magic shield, antimagic bite, no potion heal 2
a: no special abilities


You were on level 3 of the Dungeon.
You visited 1 branch of the dungeon, and saw 3 of its levels.

You collected 214 gold pieces.

Inventory:

Hand Weapons
 a - a +2 dagger (weapon)
 j - a +0 falchion
Missiles
 d - 9 poisoned darts (quivered)
 e - 3 curare-tipped darts
Armour
 b - a +0 robe (worn)
 c - a +0 cloak (worn)
Jewellery
 p - a +6 ring of strength (left hand)
Scrolls
 k - a scroll of torment
 l - a scroll of brand weapon {unknown}
 m - a scroll of poison {unknown}
 n - a scroll of identify
 o - 3 scrolls of enchant armour {unknown}
Potions
 f - a potion of brilliance
 g - a potion of haste
 h - a potion of magic
 i - a potion of attraction


   Skills:
 + Level 2.4 Fighting
 + Level 2.4 Short Blades
 + Level 2.4 Throwing
 + Level 1.5 Dodging
 + Level 5.4 Stealth


You had 3 spell levels left.
You didn't know any spells.
Your spell library contained the following spells:

 Spells                   Type           Power      Damage    Failure   Level
 Call Canine Familiar     Summ           0%         N/A       71%         3
 Portal Projectile        Hex/Tloc       0%         N/A       71%         3
 Leda's Liquefaction      Hex/Erth       0%         N/A       98%         4
 Lee's Rapid Deconstruct  Erth           0%         3d4*      100%        5
 Statue Form              Tmut/Erth      0%         N/A       100%        6


Dungeon Overview and Level Annotations

Branches:
Dungeon (3/15)

Altars:

Shops:
D:1 *

Portals:
Abyss: D:3

Annotations:
D:3 2 transporters, Beavis's ghost, amateur OpTm


Innate Abilities, Weirdness & Mutations

You have extremely sharp teeth.
Your natural rate of healing is unusually fast.
When hurt, damage is shared between your health and your magic reserves.
Your bite disrupts and absorbs the magic of your enemies.
Potions cannot restore your health.


Message History

The gnoll hits you with a +0 club. The gnoll misses you.
You hit the gnoll but do no damage.
The gnoll is heavily wounded.
The gnoll misses you.
The gnoll hits you from afar with a +0 spear.
You hit the gnoll. Your bite misses the gnoll.
The gnoll is severely wounded.
The gnoll closely misses you. x2
You hit the gnoll.
You kill the gnoll!
The gnoll completely misses you.
You see here a +0 club.
You hit the gnoll. You bite the gnoll, but do no damage.
The gnoll is lightly wounded.
The gnoll misses you.
You hit the gnoll. You bite the gnoll, but do no damage.
The gnoll is moderately wounded.
The gnoll closely misses you. The gnoll hits you with a +0 spear!
You are too injured to fight recklessly!
You are too injured to fight recklessly!
You hit the gnoll.
The gnoll is heavily wounded.
The gnoll hits you with a +0 whip. The gnoll hits you with a +0 spear!
* * * LOW HITPOINT WARNING * * *
Magic courses through your body. The gnoll misses you. x2
You completely miss the gnoll. You punch the gnoll.
The gnoll is severely wounded.
The gnoll closely misses you. The gnoll hits you with a +0 whip.
* * * LOW HITPOINT WARNING * * *
You closely miss the gnoll. Your bite misses the gnoll.
The gnoll is severely wounded.
You hit the gnoll. Your bite misses the gnoll.
The gnoll is almost dead.
The gnoll hits you with a +0 whip.
* * * LOW HITPOINT WARNING * * *
The gnoll completely misses you.
You hit the gnoll. Your bite misses the gnoll.
The gnoll is almost dead.
The gnoll hits you with a +0 whip.
You die...

#.##.##......#.####
#...........[..#
###..........###
##.###.....# ###
#.....######
#.....†....##
#########
#.#...)##....
#.....gg#
#.#....##..## #@#
#.#........# #.#
#.##.#..##.#
#####.####.##.#..##.#
#.....>.##.....†....#
#.###.#.#######...###
##.#.# #...# # #..#.#
#...# # ##.##.#
#####...####
#...#.###...........


You could see 2 gnolls.

Vanquished Creatures
  A gnoll (D:3)
  An adder (D:2)
  A worm (D:3)
  3 dart slugs
  An orc (D:3)
  5 ball pythons
  5 endoplasms
  2 giant cockroaches
  4 goblins
  5 hobgoblins
  2 jackals (D:3)
  3 quokkas (D:1)
  6 bats
  6 frilled lizards
  5 kobolds
  8 rats
58 creatures vanquished.

Vanquished Creatures (others)
  11 plants (D:1)
  4 toadstools (D:1)
15 creatures vanquished.

Grand Total: 73 creatures vanquished

Notes
Turn   | Place    | Note
-------+----------+-------------------------------------------
     0 | D:1      | Zonian the Vine Stalker Brigand began the quest for the
                  | Orb.
     0 | D:1      | Reached XP level 1. HP: 11/11 MP: 2/2
   106 | D:1      | Found Erchabri's Assorted Antiques.
   150 | D:1      | Reached skill level 1 in Dodging
   150 | D:1      | Reached XP level 2. HP: 15/15 MP: 3/3
   232 | D:1      | Reached skill level 5 in Stealth
   628 | D:1      | Reached XP level 3. HP: 17/18 MP: 4/4
  1187 | D:2      | Found a faded altar of an unknown god.
  1423 | D:2      | Gained mutation: Your natural rate of healing is unusually
                  | fast. [Vine Stalker growth]
  1423 | D:2      | Reached XP level 4. HP: 23/23 MP: 5/5
  1772 | D:3      | Noticed a small abomination
  1774 | D:3      | Found a transporter.
  1775 | D:3      | Found a transporter.
  1782 | D:3      | Noticed an ancient zyme
  1951 | D:3      | Found a one-way gate to the infinite horrors of the Abyss.
  1951 | D:3      | Noticed Beavis's ghost (amateur OpTm)
  2225 | D:3      | HP: 1/23 [gnoll/+0 spear (6)]
  2230 | D:3      | Slain by a gnoll

Illustrated notes

Levels and vault maps discovered:
D:1:      ldierk_walled_garden_2, layout_basic, serial_shops, shop,
          kennysheep_boxes
D:2:      layout_loops_cross, shapermc_ecumenical_altar_mp_highgroup
D:3:      layout_loops_cross, gammafunk_temple_overflow_statue,
          gammafunk_ghost_abyssal_escape

Skill      XL: |  1  2 |
---------------+-------+-----
Dodging        | 1 |  1.5
Stealth        | 5 |  5.4
Short Blades   | 2 |  2.4
Throwing       | 2 |  2.4
Fighting       | 2 |  2.4

Action                     |  1- 3 |  4- 6 || total
---------------------------+-------+-------++-------
  Melee: Dagger            |    83 |    43 ||   126
         Bite              |    18 |     9 ||    27
         Punch             |     1 |     1 ||     2
    Use: Scroll            |     2 |     4 ||     6
         Potion            |       |     1 ||     1
   Stab: Sleeping          |    13 |     7 ||    20
 Armour: Robe              |    14 |     4 ||    18
  Dodge: Dodged            |    39 |    22 ||    61

Table legend: (Time is in decaauts)
 A = Elapsed time spent in this place.
 B = Non-inter-level travel time spent in this place.
 C = Inter-level travel time spent in this place.
 D = Time resting spent in this place.
 E = Time spent auto-exploring this place.
 F = Levels seen in this place.
 G = Mean time per level.
                   A        B        C        D        E       F      G
               +--------+--------+--------+--------+--------+-----+--------+
         Total |   2218 |   2141 |     77 |    231 |   1372 |   3 |  739.3 |
       Dungeon |   2218 |   2141 |     77 |    231 |   1372 |   3 |  739.3 |
               +--------+--------+--------+--------+--------+-----+--------+

Top non-repeatable levels by time:
     D:1: 985 daAuts
     D:2: 685 daAuts
     D:3: 547 daAuts
